 Dungeon Crawl Stone Soup version 0.24.0-3-g28a8eb0610 (webtiles) character file.

Game seed: 14348226214631606061, levelgen mode: deterministic

63219 KamiKatze the Spear-Bearer (level 14, -1/109 HPs)
             Began as a Demonspawn Abyssal Knight on Oct 31, 2019.
             Was the Champion of Lugonu.
             Slain by a polar bear (20 damage)
             ... summoned by a spriggan berserker
             ... on level 14 of the Dungeon on Nov 1, 2019.
             The game lasted 02:54:46 (30412 turns).

KamiKatze the Spear-Bearer (DsAK)                  Turns: 30412, Time: 02:54:48

Health: -1/109     AC: 15    Str: 16    XL:     14   Next: 67%
Magic:  19/23      EV: 19    Int: 15    God:    Lugonu [******]
Gold:   869        SH: 17    Dex: 16    Spells: 13/13 levels left

rFire    . . .     SeeInvis .   w - +7 spear (distort)
rCold    + . .     Gourm    .   N - +1 shield
rNeg     . . .     Faith    .   o - +1 scale mail "Ethaowarch" {rElec Stlth+}
rPois    +         Spirit   .   (helmet restricted)
rElec    +         Reflect  .   n - +2 cloak {rPois}
rCorr    +         Harm     .   i - +0 pair of gloves {Dex+3}
MR       +....                  E - +0 pair of boots
Stlth    +.........             z - amulet of the acrobat
HPRegen  0.28/turn              L - ring of resist corrosion
MPRegen  0.18/turn              u - +5 ring of evasion

@: no status effects
A: antennae 1, large bone plates 1, cold resistance 1, demonic guardian 1,
freezing cloud immunity
a: Depart the Abyss, Bend Space, Banish, Corrupt, Enter the Abyss, Renounce
Religion


You were on level 14 of the Dungeon.
You worshipped Lugonu.
Lugonu was exalted by your worship.
You were very hungry.

You visited 4 branches of the dungeon, and saw 22 of its levels.
You visited the Abyss 1 time.
You visited 1 bazaar.
You also visited: Ossuary and Ice Cave.

You collected 1960 gold pieces.
You spent 1091 gold pieces at shops.

Inventory:

Hand Weapons
 a - a +1 trident of freezing
 b - the +4 spear "Q" {pierce, *Rage rElec Int+2}
   (You found it on level 13 of the Dungeon)

   It inflicts extra damage upon your enemies.
   It affects your intelligence (+2).
   It insulates you from electricity.
   It may make you go berserk in combat.
 w - a +7 spear of distortion (weapon)
Missiles
 j - 43 poisoned darts (quivered)
 r - 7 javelins
 T - a throwing net
 Z - 12 boomerangs
Armour
 i - a +0 pair of gloves of dexterity (worn)
 n - a +2 cloak of poison resistance (worn)
 o - the +1 scale mail "Ethaowarch" (worn) {rElec Stlth+}
   (You bought it in a shop on level 13 of the Dungeon)

   It insulates you from electricity.
   It makes you more stealthy.
 p - +0 acid dragon scales
 E - a +0 pair of boots (worn)
 N - a +1 shield (worn)
 P - a +2 cloak of invisibility
Jewellery
 u - a +5 ring of evasion (right hand)
 z - an amulet of the acrobat (around neck)
 L - a ring of resist corrosion (left hand)
 M - an uncursed ring of fire
 R - an uncursed ring of poison resistance
 V - an uncursed ring of fire
Wands
 x - a wand of scattershot (13)
 y - a wand of enslavement (15)
 A - a wand of clouds (5)
 H - a wand of flame (12)
 I - a wand of disintegration (28)
 O - a wand of paralysis (8)
 Q - a wand of acid (7)
 Y - a wand of digging (5)
Scrolls
 f - 8 scrolls of identify
 g - 5 scrolls of blinking
 l - 5 scrolls of remove curse
 s - 7 scrolls of teleportation
 v - a scroll of enchant armour
 F - 2 scrolls of magic mapping
 J - 3 scrolls of fear
 S - a scroll of fog
Potions
 d - 2 potions of lignification
 e - 2 potions of mutation
 h - 8 potions of curing
 k - a potion of might
 m - 10 potions of flight
 q - 5 potions of agility
 t - 2 potions of ambrosia
 B - a potion of magic
 C - 3 potions of invisibility
 D - 2 potions of cancellation
 G - a potion of heal wounds
 K - 3 potions of resistance
 W - 2 potions of haste
 X - a potion of berserk rage
Miscellaneous
 U - a lamp of fire
Comestibles
 c - 22 rations


   Skills:
 + Level 9.7 Fighting
 - Level 14.0 Polearms
 + Level 8.0 Armour
 + Level 8.4 Dodging
 * Level 10.4 Shields
 + Level 12.3 Invocations
 - Level 2.0 Evocations


You had 13 spell levels left.
You didn't know any spells.
Your spell library contained the following spells:

 Spells                   Type           Power        Failure   Level  Hunger
 Magic Dart               Conj           #...         83%         1    ##.....
 Sandblast                Erth           #.....       83%         1    ##.....
 Shock                    Conj/Air       #...         83%         1    ##.....
 Blink                    Tloc           N/A          92%         2    ###....
 Call Imp                 Summ           #.......     92%         2    ###....
 Passwall                 Tmut/Erth      #.......     92%         2    ###....
 Poisonous Vapours        Pois/Air       #.....       92%         2    ###....
 Slow                     Hex            #.......     92%         2    ###....
 Swiftness                Chrm/Air       #.......     92%         2    ###....
 Conjure Flame            Conj/Fire      #.......     99%         3    ####...
 Mephitic Cloud           Conj/Pois/Air  #.......     99%         3    ####...
 Static Discharge         Conj/Air       #.......     99%         3    ####...
 Stone Arrow              Conj/Erth      #.....       99%         3    ####...
 Airstrike                Air            #.........   100%        4    #####..
 Petrify                  Tmut/Erth      #.......     100%        4    #####..
 Lee's Rapid Deconstruct  Erth           #.........   100%        5    ######.
 Lightning Bolt           Conj/Air       #.........   100%        5    ######.
 Freezing Cloud           Conj/Ice/Air   #.........   100%        6    #######
 Ring of Flames           Chrm/Fire      #.........   100%        7    #######


Dungeon Overview and Level Annotations

Branches:
Dungeon (14/15)            Temple (1/1) D:5            Lair (5/6) D:8
 Shoals (0/4) Lair:3        Snake (0/4) Lair:4        Slime (0/5) Lair:5
    Orc (2/2) D:12            Elf (0/3) Orc:2        Vaults (0/5) D:13
Ossuary (visited)           IceCv (visited)

Altars:
Ashenzari
Cheibriados
Dithmenos
Elyvilon
Fedhas
Gozag
Hepliaklqana
Kikubaaqudgha
Makhleb
Nemelex Xobeh
Okawaru
Qazlal
Ru
Sif Muna
Trog
Uskayaw
Vehumet
Wu Jian
Xom
Yredelemnul
Zin
The Shining One
Jiyva

Shops:
D:5 =:[   D:12 (!   D:13 [

Annotations:
D:8 exclusion: 2 oklob plants
D:14 exclusion: komodo dragon
Lair:4 2 runed translucent doors, HunfridMar's ghost, journeyman DECj
Lair:5 Fire Dragon!, exclusion: oklob plant
Orc:1 2 transporters, Exporg's ghost, journeyman TrFi
Orc:2 That guy! ----> !, Azrael
Abyss:1 Donald; Duvessa


Innate Abilities, Weirdness & Mutations

You have a pair of small antennae on your head.
You are partially covered in large bone plates. (SH +4)
Your flesh is cold resistant. (rC+)
A weak demonic guardian rushes to your aid.
You are immune to freezing clouds.


Message History

The death yak rages.
The spriggan berserker hits you with a +0 rapier!!
* * * LOW HITPOINT WARNING * * *
You block the spriggan berserker's attack.
The death yak misses you.
You feel much better.
The spriggan berserker hits you with a +0 rapier.
* * * LOW HITPOINT WARNING * * *
You block the death yak's attack. The polar bear completely misses you.
The polar bear misses you. The polar bear barely misses you.
Unknown command.
Press: ? - help, Shift-Dir - straight line, f - spriggan berserker
Aim: a spriggan berserker, wielding a +0 rapier and wearing a +0 animal skin (berserk, fast, unusually strong, chance to defeat MR: 13%)
The spriggan berserker resists with almost no effort.
You feel somewhat more hungry.
The death yak is no longer berserk.
The spriggan berserker completely misses you.
The death yak gores you!
* * * LOW HITPOINT WARNING * * *
The polar bear bites you!!
You die...

,*#.......#.# #.....
,*#.#####.#.#### #..... ,**,*
#......# #...(† ,,,,#####......#
#....o .,,,#...#......# ####.#
..,,#.#.#.#.#### #§#
,..,#.#.#.#.# #§#
.##.#.#.#.#.###################.#
....?...........@YY..K...........
>......<........hi...i....)......
###.#.###[#.#####[...##########.#
#.#.....#.# ##....##########.#
#.#######.# #.............§...
#,******#)# #...(...#########.
*,,,,,,,..# #...∩...#*******,.
**********###**#.......#*,,,,,,,.
,,,,,,,,,,,,,,,#......##*,******#


You could see 2 death yaks, 2 spriggan berserkers, a polar bear (berserk) and a
big kobold.

Vanquished Creatures
  Josephine (D:11)
  Harold (Lair:1)
  A centaur warrior (D:13)
  4 hydras
  3 vault guards (D:13)
  10 two-headed ogres
  4 ogre magi
  2 death yaks (Lair:4)
  An unseen horror (D:13)
  Pikel (D:4)
  A necromancer (IceCv)
  An orc sorcerer (D:13)
  An ugly thing (D:12)
  2 cyclopes (D:13)
  2 manticores (D:11)
  3 black mambas
  5 elephants (Lair:4)
  A guardian serpent (Lair:4)
  8 spiny frogs
  4 centaur skeletons
  A gargoyle (D:13)
  A komodo dragon (Lair:5)
  5 rime drakes
  A yaktaur (D:13)
  3 ice devils (IceCv)
  3 trolls
  3 polar bears
  8 dream sheep
  3 hornets
  4 hippogriffs
  3 slime creatures (D:13)
  Eustachio (D:4)
  2 spriggans
  A water elemental (D:13)
  6 wraiths
  8 yaks
  3 fire elementals
  3 basilisks
  4 vampire mosquitoes
  Menkaure (D:6)
  4 steam dragons (Lair:5)
  A warg (Orc:2)
  Edmund (D:6)
  An acid dragon (D:11)
  2 hell hounds (Orc:1)
  6 water moccasins
  20 orc warriors
  6 porcupines
  3 black bears
  4 ice beasts
  A slave (D:4)
  3 sky beasts
  An eye of draining (D:11)
  22 ogres
  15 wolves
  7 centaurs
  11 crocodiles
  An elf zombie (Ossuary)
  8 bullfrogs
  Dowan (D:4)
  A wyvern skeleton (D:7)
  4 scorpions
  5 killer bees (D:13)
  14 wights
  5 howler monkeys
  An electric eel (D:13)
  6 crimson imps
  A quasit (D:11)
  A bullfrog zombie (D:13)
  Crazy Yiuf (D:4)
  A jelly (D:7)
  14 orc priests
  4 hounds
  20 orc wizards
  6 iguanas
  Ijyb (D:3)
  8 worker ants
  4 troll simulacra (IceCv)
  A killer bee zombie (D:8)
  2 bullfrog simulacra (D:13)
  A big kobold zombie (Ossuary)
  3 centaur simulacra
  4 hound zombies (Ossuary)
  3 mummies (Ossuary)
  2 worker ant zombies
  A howler monkey zombie (D:5)
  4 gnolls (Orc:2)
  A howler monkey skeleton (D:9)
  7 adders
  2 naga simulacra (IceCv)
  3 shadow imps
  A white imp (D:12)
  An ooze (D:3)
  4 adder zombies
  A worm (D:6)
  A dart slug (D:1)
  6 leopard geckos
  74 orcs
  2 ball pythons
  5 giant cockroaches
  11 goblins
  6 hobgoblins
  12 jackals
  4 quokkas
  5 bats
  5 frilled lizards
  A giant cockroach zombie (D:5)
  A gnoll zombie (Ossuary)
  3 goblin zombies (Ossuary)
  2 hobgoblin zombies (Ossuary)
  5 jackal zombies (Ossuary)
  11 kobolds
  4 kobold zombies (Ossuary)
  2 orc zombies (Ossuary)
  A quokka zombie (Ossuary)
  7 rats
  6 rat zombies (Ossuary)
  A fungus (Lair:4)
551 creatures vanquished.

Vanquished Creatures (collateral kills)
  Snorg (D:10)
  An ogre mage (Orc:2)
  A hydra (Lair:4)
  A two-headed ogre (Orc:2)
  A death yak (Lair:4)
  An orc knight (D:13)
  A cyclops (D:11)
  An ugly thing (D:12)
  A black mamba (Lair:3)
  3 elephants (Lair:4)
  A spiny frog (Lair:1)
  A centaur skeleton (D:11)
  2 rime drakes (Lair:5)
  An ice devil (IceCv)
  2 trolls
  A hippogriff (Lair:3)
  A dream sheep (Lair:3)
  6 yaks
  A vampire mosquito (D:12)
  A porcupine (D:8)
  An ice beast (D:5)
  A black bear (D:8)
  3 ogres
  A centaur (D:7)
  An elf zombie (Ossuary)
  2 bullfrogs
  A howler monkey (D:9)
  A centaur zombie (D:11)
  2 jellies
  A hound (D:5)
  A bullfrog skeleton (D:8)
  A hound zombie (D:5)
  An adder (D:7)
  An orc (D:11)
  A kobold (D:14)
  A quokka zombie (D:8)
49 creatures vanquished.

Vanquished Creatures (others)
  A death yak (Lair:5)
  A spriggan berserker (D:14)
  2 skeletal warriors (D:14)
  An unseen horror (D:13)
  An orc knight (D:13)
  A slime creature (D:13)
  3 ice statues (IceCv)
  A gargoyle (D:12)
  An ice devil (IceCv)
  A rime drake (Lair:5)
  A steam dragon (Lair:5)
  A bullfrog (D:13)
  2 troll simulacra (IceCv)
  7 fungi
  6 plants
30 creatures vanquished.

Grand Total: 630 creatures vanquished

Notes
Turn   | Place    | Note
-------+----------+-------------------------------------------
     0 | Abyss:1  | KamiKatze the Demonspawn Abyssal Knight began the quest for
                  | the Orb.
     0 | Abyss:1  | Reached XP level 1. HP: 18/18 MP: 2/2
    78 | Abyss:1  | Noticed a red draconian annihilator
    80 | D:1      | Escaped the Abyss
   117 | D:1      | Reached skill level 1 in Dodging
   164 | D:1      | Reached skill level 2 in Polearms
   206 | D:1      | Gained mutation: You have a pair of small antennae on your
                  | head. [demonic ancestry]
   206 | D:1      | Reached XP level 2. HP: 21/24 MP: 4/4
   255 | D:1      | You fall into a shaft and drop 1 floor!
   428 | D:1      | Reached * piety under Lugonu
   658 | D:1      | Gained mutation: A weak demonic guardian rushes to your
                  | aid. [demonic ancestry]
   658 | D:1      | Reached XP level 3. HP: 27/29 MP: 5/5
  1298 | D:2      | Reached ** piety under Lugonu
  1524 | D:3      | Reached XP level 4. HP: 17/35 MP: 6/6
  1526 | D:3      | Found a faded altar of an unknown god.
  1728 | D:3      | Noticed Ijyb
  1756 | D:3      | Killed Ijyb
  1756 | D:3      | Reached skill level 3 in Polearms
  2026 | D:3      | Found a shadowy altar of Dithmenos.
  2078 | D:3      | Noticed an ogre
  2093 | D:3      | Killed an ogre
  2093 | D:3      | Gained mutation: Your flesh is cold resistant. (rC+)
                  | [demonic ancestry]
  2093 | D:3      | Reached XP level 5. HP: 31/42 MP: 7/7
  2120 | D:3      | Found a blossoming altar of Fedhas.
  2503 | D:4      | Noticed a slave
  2505 | D:4      | Noticed a slave
  2507 | D:4      | Noticed Pikel
  2507 | D:4      | Noticed a slave
  2652 | D:4      | Noticed Eustachio
  2686 | D:4      | Killed Eustachio
  2686 | D:4      | Reached skill level 4 in Polearms
  2686 | D:4      | Reached XP level 6. HP: 18/48 MP: 9/9
  2727 | D:4      | Found a sand-covered staircase.
  2730 | D:4      | Noticed Duvessa
  2731 | D:4      | Noticed Dowan
  2747 | D:4      | Found a runed translucent door.
  2770 | D:4      | Found a white marble altar of Elyvilon.
  2830 | D:4      | Noticed a slave
  2840 | Ossuary  | Entered an ossuary
  3026 | Ossuary  | Reached *** piety under Lugonu
  3567 | Ossuary  | Reached skill level 5 in Invocations
  3567 | Ossuary  | Reached XP level 7. HP: 41/55 MP: 10/10
  3670 | D:5      | Entered Level 5 of the Dungeon
  3914 | D:5      | Found a staircase to the Ecumenical Temple.
  3938 | Temple   | Entered the Ecumenical Temple
  4212 | D:5      | Found Newuteni's Armour Emporium.
  4225 | D:5      | Reached **** piety under Lugonu
  4253 | D:5      | Found Idail's Jewellery Shop.
  4682 | D:5      | Found Tuen's Book Emporium.
  4690 | D:5      | Reached skill level 5 in Polearms
  5446 | D:6      | Noticed Menkaure
  5447 | D:6      | Noticed Edmund
  5458 | D:6      | Killed Menkaure
  5477 | D:6      | Killed Edmund
  5477 | D:6      | Reached XP level 8. HP: 46/61 MP: 12/12
  5541 | D:6      | Found a glowing golden altar of the Shining One.
  5649 | D:6      | Found a hide-covered altar of Uskayaw.
  5876 | D:6      | Reached skill level 5 in Fighting
  6076 | D:7      | Found a snail-covered altar of Cheibriados.
  6236 | D:7      | Found a sparkling altar of Nemelex Xobeh.
  6673 | D:7      | Found an ancient bone altar of Kikubaaqudgha.
  6692 | D:7      | Found an opulent altar of Gozag.
  6851 | D:7      | Reached skill level 6 in Polearms
  7143 | D:4      | Reached skill level 1 in Shields
  7410 | D:4      | Noticed Crazy Yiuf
  7563 | D:4      | Killed Pikel
  7655 | D:4      | Gained mutation: You are immune to freezing clouds.
                  | [demonic ancestry]
  7655 | D:4      | Reached XP level 9. HP: 68/68 MP: 14/14
  7730 | D:4      | Banished Duvessa
  7738 | D:4      | Killed Dowan
  7797 | D:4      | Killed Crazy Yiuf
  8077 | D:8      | Reached ***** piety under Lugonu
  8100 | D:7      | HP: 2/103 [crocodile (6)]
  8437 | D:7      | Reached skill level 7 in Polearms
  8829 | D:5      | Bought a +2 cloak of poison resistance for 240 gold pieces
  9003 | D:8      | Found a staircase to the Lair.
  9029 | D:8      | Found an ornate altar of the Wu Jian Council.
  9130 | D:8      | Reached skill level 5 in Dodging
  9460 | D:8      | Found a blossoming altar of Fedhas.
  9464 | D:8      | Noticed an oklob plant
  9464 | D:8      | Noticed an oklob plant
  9722 | D:9      | Noticed a two-headed ogre
  9738 | D:9      | Killed a two-headed ogre
  9738 | D:9      | Reached XP level 10. HP: 29/77 MP: 16/16
 10694 | D:9      | Got a crude rapier
 10695 | D:9      | Identified the +10 rapier "Igamm" {venom, +Blink Str+2}
                  | (You found it on level 9 of the Dungeon)
 10905 | D:10     | Entered Level 10 of the Dungeon
 11089 | D:10     | Noticed Snorg
 11110 | D:10     | Killed Snorg
 11110 | D:10     | Reached skill level 8 in Polearms
 11110 | D:10     | Reached skill level 5 in Armour
 11110 | D:10     | Reached skill level 5 in Shields
 11151 | D:10     | Found an ornate altar of the Wu Jian Council.
 12107 | D:11     | Noticed Josephine
 12560 | D:11     | Reached skill level 1 in Evocations
 12758 | D:11     | Noticed a cyclops
 12788 | D:11     | Killed a cyclops
 12788 | D:11     | Reached XP level 11. HP: 54/84 MP: 18/18
 13691 | D:11     | Reached ****** piety under Lugonu
 14030 | D:11     | Reached skill level 9 in Polearms
 14034 | D:11     | Identified a +7 spear of distortion (a +5 spear corrupted
                  | by Lugonu)
 14034 | D:11     | Received a gift from Lugonu
 14239 | Lair:1   | Entered Level 1 of the Lair of Beasts
 14241 | Lair:1   | Noticed a five-headed hydra
 14284 | Lair:1   | Killed a five-headed hydra
 14372 | Lair:1   | Reached skill level 10 in Invocations
 14462 | Lair:1   | Noticed Harold
 14473 | Lair:1   | Killed Harold
 14677 | Lair:1   | Found a glowing golden altar of the Shining One.
 15889 | Lair:2   | You fall into a shaft and drop 1 floor!
 16009 | Lair:2   | Reached XP level 12. HP: 92/92 MP: 19/19
 16057 | Lair:2   | You fall into a shaft and drop 1 floor!
 16611 | Lair:3   | Reached skill level 10 in Polearms
 16686 | Lair:3   | Found a staircase to the Shoals.
 17530 | Lair:4   | Noticed a dire elephant
 17537 | Lair:4   | Noticed a six-headed hydra
 17668 | Lair:4   | Noticed a five-headed hydra
 17668 | Lair:4   | Noticed a six-headed hydra
 17683 | Lair:4   | Killed a five-headed hydra
 17696 | Lair:4   | Killed a six-headed hydra
 17974 | Lair:4   | Found a staircase to the Snake Pit.
 18043 | Lair:4   | Killed a six-headed hydra
 18533 | Lair:4   | Banished a dire elephant
 19150 | Lair:4   | Found a large runed translucent door.
 19150 | Lair:4   | Found a large runed translucent door.
 19154 | Lair:4   | Noticed HunfridMar's ghost (journeyman DECj)
 19260 | Lair:5   | Found a viscous altar of Jiyva.
 19260 | Lair:5   | Found a staircase to the Slime Pits.
 19529 | Lair:5   | Gained mutation: You are partially covered in large bone
                  | plates. (SH +4) [demonic ancestry]
 19529 | Lair:5   | Reached XP level 13. HP: 53/100 MP: 21/21
 19981 | Lair:4   | HP: 3/100 [death yak (21)]
 20942 | Lair:4   | Reached skill level 11 in Polearms
 21500 | Lair:5   | Noticed a fire dragon
 22048 | D:11     | Killed Josephine
 22253 | D:12     | Found Venkor's Distillery.
 22262 | D:12     | Bought a potion of mutation for 80 gold pieces
 22415 | D:12     | Found a staircase to the Orcish Mines.
 22481 | D:12     | Found Fophek's Antique Weapon Shoppe.
 23380 | D:13     | Found a frozen archway.
 23417 | D:13     | Found Repnakiwu's Antique Armour Boutique.
 23424 | IceCv    | Entered an ice cave
 23892 | IceCv    | Reached skill level 10 in Shields
 24116 | D:13     | Got a polished spear
 24117 | D:13     | Identified the +4 spear "Q" {pierce, *Rage rElec Int+2}
                  | (You found it on level 13 of the Dungeon)
 24481 | Orc:1    | Entered Level 1 of the Orcish Mines
 24734 | Orc:1    | Found a transporter.
 24744 | Orc:1    | Noticed Exporg's ghost (journeyman TrFi)
 25522 | Orc:1    | Found a transporter.
 25791 | Orc:2    | Entered Level 2 of the Orcish Mines
 26048 | Orc:2    | Found a staircase to the Elven Halls.
 26631 | Orc:2    | Reached skill level 12 in Polearms
 26769 | Orc:2    | Reached XP level 14. HP: 80/108 MP: 23/23
 27151 | Orc:2    | Noticed Donald
 27518 | Orc:2    | Banished Donald
 27518 | Orc:2    | Reached skill level 13 in Polearms
 27576 | Orc:2    | Noticed Azrael
 29105 | D:13     | Bought a distressingly furry scale mail for 351 gold pieces
 29116 | D:13     | Identified the cursed +1 scale mail "Ethaowarch" {rElec
                  | Stlth+} (You bought it in a shop on level 13 of the
                  | Dungeon)
 29450 | D:13     | Reached skill level 14 in Polearms
 29486 | D:13     | Found a gate to the Vaults.
 29731 | D:14     | Found a flickering gateway to a bazaar.
 29796 | Bazaar   | Entered a bazaar
 29800 | Bazaar   | Found Hunesuf's General Store.
 29807 | Bazaar   | Found Gamutuz's Distillery.
 29818 | Bazaar   | Found Woloss's Antique Weapon Boutique.
 29829 | Bazaar   | Found Quiczu Jyhe's Antique Armour Emporium.
 29837 | Bazaar   | Found Leudu's Jewellery Emporium.
 29848 | Bazaar   | Upgraded the game from 0.24.0-2-g5b39cebb1c to
                  | 0.24.0-3-g28a8eb0610
 29867 | Bazaar   | Found Gamutuz's Distillery.
 29871 | Bazaar   | Found Woloss's Antique Weapon Boutique.
 29886 | Bazaar   | Found Quiczu Jyhe's Antique Armour Emporium.
 29888 | Bazaar   | Found Leudu's Jewellery Emporium.
 29980 | Bazaar   | Bought a pair of runed gloves for 120 gold pieces
 30019 | Bazaar   | Bought a potion of mutation for 80 gold pieces
 30019 | Bazaar   | Bought a potion of heal wounds for 50 gold pieces
 30019 | Bazaar   | Bought a potion of heal wounds for 50 gold pieces
 30053 | Bazaar   | Bought a runed cloak for 120 gold pieces
 30412 | D:14     | Slain by a polar bear

Levels and vault maps discovered:
D:1:      minmay_arrival_solitary_statue, layout_basic, hex_intersection,
          hex_large, serial_bayou_pond_c
D:2:      layout_rooms
D:3:      layout_loops_cross, overflow_temple_1_default, lemuel_doored_altar,
          first_ration, chequers_ecumenical_altar_simple_redux,
          roderic_serpentine_path, uniq_ijyb
D:4:      layout_loops_ring, kennysheep_little_box, nicolae_ossuary_entry_ruins,
          kennysheep_small_square, uniq_crazy_yiuf_cottage, uniq_pikel,
          uniq_eustachio, uniq_duvessa
D:5:      layout_basic, minmay_temple_entry_purple_smoke, serial_shops, shop,
          kennysheep_mini, nicolae_shop_trees
D:6:      layout_cave_pools, eat_drink_and_be_merry_uskayaw, basic_altar,
          uniq_menkaure, uniq_edmund
D:7:      layout_cave_pools, lemuel_coloured_pillars_altar,
          nicolae_overflow_hidden_temple
D:8:      layout_cave_pools, lemuel_crystal_altar, minmay_lair_entry_grove,
          hangedman_tree_tricks
D:9:      layout_stronghold
D:10:     layout_roguey, basic_altar, uniq_snorg
D:11:     layout_stronghold, uniq_josephine
D:12:     layout_long_grid, orc_0_dummy, serial_shops, shop,
          nicolae_shop_behind_doors, grunt_pizzeria, drop_trap,
          minmay_misc_feat_roman
D:13:     layout_loops_ring, grunt_vaults_entry_fortified, serial_ice,
          serial_ice_j, serial_ice_m, serial_ice_d, serial_ice_a,
          portal_ice_cave_entry_pillars_2, enter_bailey_2, serial_shops, shop
D:14:     minmay_the_grid_triangle_9x9_rhombus_thin
          [minmay_the_grid_triangle_9x9_minimal,
          minmay_the_grid_triangle_9x9_prize_center,
          minmay_the_grid_triangle_9x9_semitri,
          minmay_the_grid_triangle_9x9_intruding_spiral], layout_basic,
          serial_shops, bzr_entry_customers, minmay_guarded_unrand_wrath_of_trog
Temple:   dshaligram_water_room_temple
Lair:1:   layout_chaotic_city, lemuel_centaur_altar, infiniplex_staircase_pool,
          uniq_harold
Lair:2:   layout_gridlike
Lair:3:   layout_roguey, minmay_shoals_entry_centaurs,
          grunt_forest_stairs_clearing
Lair:4:   beast_lair_carwin_large_1, layout_cave_pods,
          minmay_snake_entry_spellcaster, ebering_ghost_disaster_area,
          serial_bayou_shore_b
Lair:5:   layout_long_grid, slime_altar_1, st_stairs_9,
          minmay_lair_oklob_bushes, bobbens_dragon_lair_wall
Orc:1:    layout_caves, gammafunk_ghost_arena
Orc:2:    st_orc_ogre_mass, layout_diamond_mine, uniq_azrael, uniq_donald

Skill      XL: |  1  2  3  4  5  6  7  8  9 10 11 12 13 14 |
---------------+-------------------------------------------+-----
Dodging        | 1 2 3 4 5 6 7 8 |  8.4
Polearms       | 2 3 4 5 6 7 8 9 10 12 14 | 14.0
Invocations    | 3 4 5 6 7 8 9 10 11 12 | 12.3
Fighting       | 4 5 6 7 8 9 |  9.7
Armour         | 2 3 4 5 6 7 8 |  8.0
Shields        | 2 4 5 7 9 10 | 10.4
Evocations     | 1 2 |  2.0

Action                   |  1- 3 |  4- 6 |  7- 9 | 10-12 | 13-15 || total
-------------------------+-------+-------+-------+-------+-------++-------
Melee: Spear             |   172 |   325 |   350 |   149 |   353 ||  1349
       Trident           |       |       |   351 |  1085 |  1460 ||  2896
Throw: Stone             |       |     1 |       |       |       ||     1
       Dart              |       |       |    23 |     7 |    38 ||    68
Invok: Depart the Abyss  |     1 |       |       |       |       ||     1
       Bend Space        |       |     1 |     4 |       |     3 ||     8
       Banish            |       |       |     1 |       |     2 ||     3
       Brand Weapon With |       |       |       |     1 |       ||     1
Evoke: Wand              |       |       |       |       |     5 ||     5
  Use: Scroll            |     7 |     4 |     9 |    12 |     6 ||    38
       Potion            |       |       |     3 |     7 |     5 ||    15
 Stab: Distracted        |     1 |     1 |     3 |    12 |    12 ||    29
  Eat: Chunk             |     2 |     5 |    16 |    16 |    26 ||    65
       Ration            |       |     1 |     1 |     5 |     3 ||    10
Armor: Scale mail        |    67 |    82 |   206 |    93 |    11 ||   459
       Acid dragon scale |       |       |       |   186 |   133 ||   319
Dodge: Dodged            |    63 |    94 |   279 |   526 |   532 ||  1494
Block: Shield            |       |       |    38 |   583 |   866 ||  1487
